 Dungeon Crawl Stone Soup version 0.32-a0-643-ga006e7742e (webtiles) character file.

Game seed: 3625117158080849594

43 Lobster4 the Digger (level 3, 0/20 HPs)
             Began as a Gargoyle Earth Elementalist on Mar 7, 2024.
             Slain by Grinder (7 damage)
             ... on level 3 of the Dungeon.
             The game lasted 00:04:42 (1146 turns).

Lobster4 the Digger (Gargoyle Earth Elementalist)   Turns: 1146, Time: 00:04:42

Health: 0/20       AC:  8    Str: 11    XL:     3   Next: 58%
Magic:  4/6        EV: 11    Int: 17    God:
Gold:   96         SH:  0    Dex: 10    Spells: 2/6 levels left

rFire   . . .        d - +0 spear
rCold   + . .        (no shield)
rNeg    + . .        g - +2 leather armour {rC+}
rPois   ∞            (no helmet)
rElec   +            (no cloak)
rCorr   .            (no gloves)
SInv    .            (no boots)
Will    .....        (no amulet)
Stlth   +            (no ring)
HPRegen 0.23/turn    (no ring)
MPRegen 0.10/turn

%: no passive effects
@: silenced
A: sickness immunity, AC +3, negative energy resistance 1, electricity
resistance, torment resistance 1, petrification resistance
a: no special abilities


You were on level 3 of the Dungeon.
You visited 1 branch of the dungeon, and saw 3 of its levels.

You collected 96 gold pieces.

Inventory:

Hand Weapons
 d - a +0 spear (weapon)
 i - a +0 whip
Missiles
 a - 11 stones
 f - 4 poisoned darts (quivered)
Armour
 g - a +2 leather armour of cold resistance (worn)
Scrolls
 h - a scroll of noise {unknown}
 j - a scroll of blinking {unknown}
Potions
 b - a potion of magic


   Skills:
 + Level 1.2 Fighting
 + Level 1.1 Armour
 + Level 1.9 Dodging
 + Level 2.5 Stealth
 + Level 2.1 Spellcasting
 + Level 1.5 Conjurations
 + Level 3.9 Earth Magic


You had 2 spell levels left.
You knew the following spells:

 Your Spells              Type           Power      Damage    Failure   Level
a - Sandblast             Erth           30%        2d9       4%          1
b - Stone Arrow           Conj/Erth      22%        3d8       24%         3

Your spell library contained the following spells:

 Spells                   Type           Power      Damage    Failure   Level
 Slow                     Hex            4%         N/A       26%         1
 Passwall                 Erth           15%        N/A       16%         3
 Confusing Touch          Hex            1%         N/A       58%         3
 Sigil of Binding         Hex            1%         N/A       58%         3
 Vampiric Draining        Necr           1%         2d6       58%         3
 Brom's Barrelling Bould  Conj/Erth      11%        2d3       63%         4
 Petrify                  Alch/Erth      8%         N/A       73%         4
 Malign Gateway           Summ/Tloc      0%         N/A       100%        7
 Summon Horrible Things   Summ           0%         N/A       100%        8


Dungeon Overview and Level Annotations

Branches:
Dungeon (2/15)

Altars:

Annotations:
D:3 Grinder


Innate Abilities, Weirdness & Mutations

You are immune to sickness and miasma.
Your stone body is resilient. (AC +3)
You are immune to poison.
You resist negative energy. (rN+)
You are resistant to electric shocks. (rElec)
You are resistant to unholy torment.
You are immune to petrification.


Message History

As you read the scroll labelled SUCLEKKAUD, it crumbles to dust.
It is a scroll of enchant armour.
Your +1 leather armour of cold resistance glows green for a moment.
Grinder gestures at you. You resist with significant effort.
As you read the scroll labelled NOBAEL AWKU, it crumbles to dust.
A profound silence engulfs you.
It was a scroll of silence.
Grinder hits you but does no damage.
Okay, then.
You closely miss Grinder.
Grinder is lightly wounded.
Grinder hits you.
* * * LOW HITPOINT WARNING * * *
You writhe in agony.
* * * LOW HITPOINT WARNING * * *
You hit Grinder.
Grinder is moderately wounded.
Grinder blinks!
Grinder gestures at you.
You suddenly lose the ability to move!
Grinder blinks!
You can move again.
Magic scrolls do not work when you're silenced!
You hit Grinder but do no damage.
Grinder is lightly wounded.
Grinder gestures at you.
You shrug off the repeated paralysis!
You completely miss Grinder.
Grinder is lightly wounded.
Grinder hits you but does no damage.
You hit Grinder.
Grinder is moderately wounded.
Grinder hits you but does no damage.
You closely miss Grinder.
Grinder is moderately wounded.
Grinder closely misses you.
You completely miss Grinder.
Grinder is moderately wounded.
Grinder hits you!
You die...

#..#.........#
#..#.........#
#..#.........#
#..# #'#
#..######.##
#..........#
########.#......##
.........+......#
#########.#.5@...#
........#......#.#
#.....#.##.#.#
#..........#.#
#.....######.#
#....... .#
###+#.#.# .##.# .
#


You could see Grinder (unsilenced).

Vanquished Creatures
  A ribbon worm (D:2)
  3 dart slugs
  6 endoplasms
  3 giant cockroaches
  3 hobgoblins
  2 kobolds (D:1)
  A ball python (D:2)
  4 bats
  A frilled lizard (D:1)
  4 goblins
  3 rats (D:1)
31 creatures vanquished.

Notes
Turn   | Place    | Note
-------+----------+-------------------------------------------
     0 | D:1      | Lobster4 the Gargoyle Earth Elementalist began the quest
                  | for the Orb.
     0 | D:1      | Reached XP level 1. HP: 10/10 MP: 3/3
   207 | D:1      | Reached XP level 2. HP: 16/16 MP: 3/5
   399 | D:1      | Reached skill level 1 in Fighting
   486 | D:1      | Reached XP level 3. HP: 20/20 MP: 4/6
   727 | D:1      | Reached skill level 1 in Armour
   847 | D:2      | Learned a level 3 spell: Stone Arrow
  1103 | D:2      | You fall into a shaft and drop 1 floor!
  1120 | D:3      | Noticed Grinder
  1123 | D:3      | Paralysed by Grinder for 5 turns
  1137 | D:3      | Paralysed by Grinder for 5 turns
  1146 | D:3      | Slain by Grinder

Illustrated notes

Levels and vault maps discovered:
D:1:      dpeg_arrival_tiny_j, layout_rooms, glass_columns_a
D:2:      layout_basic, dreamdust_ecumenical_altar_sealed_demon, uniq_terence
D:3:      layout_basic, gammafunk_temple_overflow_forgotten, uniq_grinder

Skill      XL: |  1  2  3 |
---------------+----------+-----
Fighting       | 1 |  1.2
Armour         | 1 |  1.1
Dodging        | |  1.9
Stealth        | |  2.5
Spellcasting   | |  2.1
Conjurations   | |  1.5
Earth Magic    | |  3.9

Action                     || total
---------------------------++-------
  Melee: Unarmed           ||     5
         Spear             ||    21
  Throw: Stone             ||     3
         Dart              ||     2
   Cast: Sandblast         ||    42
    Use: Scroll            ||     2
 Armour: Robe              ||     5
         Leather armour    ||    32
  Dodge: Dodged            ||    20

Table legend: (Time is in decaauts)
 A = Elapsed time spent in this place.
 B = Non-inter-level travel time spent in this place.
 C = Inter-level travel time spent in this place.
 D = Time resting spent in this place.
 E = Time spent auto-exploring this place.
 F = Levels seen in this place.
 G = Mean time per level.
                   A        B        C        D        E       F      G
               +--------+--------+--------+--------+--------+-----+--------+
         Total |   1167 |   1164 |      3 |    132 |    738 |   3 |  389.0 |
       Dungeon |   1167 |   1164 |      3 |    132 |    738 |   3 |  389.0 |
               +--------+--------+--------+--------+--------+-----+--------+

Top non-repeatable levels by time:
     D:1: 773 daAuts
     D:2: 348 daAuts
     D:3: 45 daAuts
